 Dungeon Crawl Stone Soup version 0.27.1-33-g824d729ab1 (webtiles) character file.

Game seed: 3984288759145197123

181 Atelerd the Digger (level 5, -2/31 HPs)
             Began as an Octopode Earth Elementalist on Dec 20, 2021.
             Slain by a gnoll (6 damage)
             ... on level 2 of the Dungeon.
             The game lasted 00:03:38 (3171 turns).

Atelerd the Digger (Octopode Earth Elementalist)    Turns: 3171, Time: 00:03:38

Health: -2/31      AC:  1    Str:  7    XL:     5   Next: 61%
Magic:  8/10       EV: 13    Int: 19    God:
Gold:   126        SH:  5    Dex: 12    Spells: 10/11 levels left

rFire    . . .     SeeInvis .   f - +0 dagger
rCold    . . .     Faith    .   (no shield)
rNeg     . . .     Spirit   .   (helmet restricted)
rPois    .         Reflect  +   g - amulet of reflection
rElec    .         Harm     .   (no ring)
rCorr    .         Rampage  .   (no ring)
Will     .....                  (no ring)
Stlth    +++.......             (no ring)
HPRegen  0.10/turn              (no ring)
MPRegen  0.12/turn              (no ring)
                                (no ring)
                                (no ring)

@: no status effects
A: almost no armour, amphibious, 8 rings, camouflage 1, gelatinous body 1,
(nimble swimmer 1), tentacles
a: no special abilities


You were on level 2 of the Dungeon.
You visited 1 branch of the dungeon, and saw 3 of its levels.

You collected 126 gold pieces.

Inventory:

Hand Weapons
 f - a +0 dagger (weapon)
Missiles
 b - 103 stones
Jewellery
 g - an amulet of reflection (around mantle)
Scrolls
 e - 3 scrolls of teleportation {unknown}
 i - 3 scrolls of identify {unknown}
Potions
 a - 2 potions of mutation {unknown}
 c - 3 potions of haste {unknown}
 d - a potion of curing {unknown}
 h - a potion of degeneration {unknown}
 j - a potion of lignification {unknown}


   Skills:
 - Level 2.0 Dodging
 * Level 3.6 Stealth
 + Level 3.5 Spellcasting
 - Level 2.0 Transmutations
 + Level 4.4 Earth Magic


You had 10 spell levels left.
You knew the following spells:

 Your Spells              Type           Power      Damage    Failure   Level
a - Sandblast             Erth           40%        2d10      2%          1

Your spell library contained the following spells:

 Spells                   Type           Power      Damage    Failure   Level
 Beastly Appendage        Tmut           20%        N/A       6%          1
 Passwall                 Tmut/Erth      12%        N/A       6%          2
 Wereblood                Tmut           10%        N/A       10%         2
 Stone Arrow              Conj/Erth      22%        3d8       17%         3
 Slow                     Hex            3%         N/A       22%         2
 Spider Form              Tmut/Pois      3%         N/A       28%         3
 Petrify                  Tmut/Erth      15%        N/A       36%         4
 Confusing Touch          Hex            3%         N/A       41%         3
 Vampiric Draining        Necr           1%         2d6       41%         3


Dungeon Overview and Level Annotations

Branches:
Dungeon (3/15)

Altars:

Annotations:
D:2 Robin
D:3 Sigmund


Innate Abilities, Weirdness & Mutations

You cannot wear most types of armour.
You are amphibious.
You can wear up to eight rings at the same time.
Your skin changes colour to match your surroundings (Stealth+).
Your rubbery body absorbs attacks. (AC +1, EV +1)
((You are camouflaged near water. (Stealth+)))
You have tentacles for arms and can constrict up to eight enemies at once.


Message History

Confirm with . or Enter, or press ? or * to list all spells.
Aiming: Sandblast (safe; 2% risk of failure)
Press: ? - help, Shift-Dir - straight line, f/p - gnoll shaman
Aim: a gnoll shaman, wielding a +0 whip and wearing a +0 leather armour (almost dead, 82% to hit)
The blast of sand hits the gnoll shaman!
You kill the gnoll shaman!
Unknown command.
Okay, then.
Casting: Sandblast (safe; 2% risk of failure)
Confirm with . or Enter, or press ? or * to list all spells.
Aiming: Sandblast (safe; 2% risk of failure)
Press: ? - help, Shift-Dir - straight line, f - gnoll
Aim: a gnoll, wielding a +0 flail (moderately wounded, 83% to hit)
The blast of sand hits the gnoll!
The gnoll is severely wounded.
The gnoll closely misses you.
Casting: Sandblast (safe; 2% risk of failure)
Confirm with . or Enter, or press ? or * to list all spells.
Aiming: Sandblast (safe; 2% risk of failure)
Press: ? - help, Shift-Dir - straight line, f/p - gnoll
Aim: a gnoll, wielding a +0 flail (severely wounded, 83% to hit)
The blast of sand hits the gnoll.
You kill the gnoll!
The gnoll barely misses you.
Unknown command.
Casting: Sandblast (safe; 2% risk of failure)
Confirm with . or Enter, or press ? or * to list all spells.
Aiming: Sandblast (safe; 2% risk of failure)
Press: ? - help, Shift-Dir - straight line, f - gnoll
Aim: a gnoll, wielding a +0 spear (83% to hit)
The blast of sand hits the gnoll!
The gnoll is severely wounded.
The gnoll hits you from afar with a +0 spear.
* * * LOW HITPOINT WARNING * * *
The gnoll hits you from afar with a +0 spear.
* * * LOW HITPOINT WARNING * * *
The gnoll shouts!
The gnoll barely misses you.
The gnoll hits you from afar with a +0 spear.
You die...

#####.# #.#
####.###.......# #.# #.#
#.# ##)#..### #.# #.# #.#
#.#..# #.#
#.######.####.#..#### #.#
#.......)...........> #.#
####.###.##...##..#.# #.#
#.# #.##...##..#.. #.#
#.# #.##...##..#.#
#.######@###..........#.#
#.........g.......##..#.#
########.###.##.[......#.
#g# #............. #.#
####.#####.#.. #.# #.#
#.### #.######.# #.###
#........# #....
########## #####


You could see 2 gnolls.

Vanquished Creatures
  A gnoll shaman (D:2)
  7 adders
  2 gnolls (D:2)
  A worm (D:2)
  3 dart slugs
  2 orcs (D:3)
  2 ball pythons (D:1)
  5 endoplasms
  8 goblins
  5 hobgoblins
  3 jackals (D:1)
  4 kobolds
  2 quokkas
  3 bats
  2 frilled lizards (D:1)
  10 rats
60 creatures vanquished.

Notes
Turn   | Place    | Note
-------+----------+-------------------------------------------
     0 | D:1      | Atelerd the Octopode Earth Elementalist began the quest for
                  | the Orb.
     0 | D:1      | Reached XP level 1. HP: 11/11 MP: 3/3
    48 | D:1      | Found a faded altar of an unknown god.
    69 | D:1      | Reached XP level 2. HP: 6/17 MP: 0/5
   786 | D:1      | Reached XP level 3. HP: 21/21 MP: 3/6
  1382 | D:2      | Reached XP level 4. HP: 27/27 MP: 6/8
  1560 | D:2      | Identified the +2 helmet "Veaceust" {rCorr Str+2 Int-4}
  1560 | D:2      | Noticed Robin
  1590 | D:2      | Reached skill level 4 in Earth Magic
  2479 | D:3      | Reached XP level 5. HP: 26/31 MP: 8/10
  2598 | D:3      | Noticed Sigmund
  3171 | D:2      | Slain by a gnoll

Illustrated notes

Levels and vault maps discovered:
D:1:      dpeg_arrival_shelter, layout_basic,
          hellmonk_ecumenical_altar_dog_temple
D:2:      layout_loops_ring, bh_walls_and_bars, uniq_robin
D:3:      minmay_wonky_spiral, layout_loops_corners, uniq_sigmund

Skill      XL: |  1  2  3  4  5 |
---------------+----------------+-----
Transmutations | 2 |  2.0
Spellcasting   | 3 |  3.5
Earth Magic    | 4 |  4.4
Stealth        | 3 |  3.6
Dodging        | |  2.0

Action                   |  1- 3 |  4- 6 || total
-------------------------+-------+-------++-------
Melee: Unarmed           |    15 |       ||    15
       Constrict         |     8 |     9 ||    17
       Tentacles         |     4 |     7 ||    11
       Dagger            |    12 |    46 ||    58
 Cast: Sandblast         |    27 |    30 ||    57
 Stab: Sleeping          |     4 |     8 ||    12
Armor: Skin              |     6 |     5 ||    11
Dodge: Dodged            |    26 |    37 ||    63
Block: Other             |       |    19 ||    19
       Reflection        |       |     1 ||     1
